 Dungeon Crawl Stone Soup version 0.19.0-2-gae57169 (webtiles) character file.

142 evildog the Chopper (level 5, 0/41 HPs)
             Began as a Formicid Fighter on Nov 4, 2016.
             Slain by a sky beast (6 damage)
             ... on level 3 of the Dungeon.
             The game lasted 00:03:40 (2633 turns).

evildog the Chopper (Formicid Fighter)              Turns: 2633, Time: 00:03:41

Health: 0/41       AC:  8    Str: 22    XL:     5   Next: 50%
Magic:  5/5        EV:  8    Int:  7    God:
Gold:   191        SH:  9    Dex: 10    Spells: 0 memorised, 4 levels left

rFire  . . .     SeeInvis +     a - +0 war axe
rCold  . . .     Gourm    .     b - +0 scale mail
rNeg   . . .     Faith    .     c - +0 shield
rPois  .         Spirit   .     (helmet unavailable)
rElec  .         Reflect  .     (no cloak)
rCorr  .         Harm     .     (no gloves)
MR     .....                    v - +0 pair of boots
Stlth  ..........               (no amulet)
                                (no ring)
                                (no ring)

@: no status effects
A: permanent stasis, dig shafts and tunnels, four strong arms, antennae 3
a: Dig, Shaft Self


You were on level 3 of the Dungeon.
You were hungry.

You visited 1 branch of the dungeon, and saw 3 of its levels.

You collected 191 gold pieces.

Inventory:

Hand Weapons
 a - a +0 war axe (weapon)
Armour
 b - a +0 scale mail (worn)
 c - a +0 shield (worn)
 v - a +0 pair of boots (worn)
Jewellery
 e - an uncursed ring of ice {unknown}
 i - a +2 ring of intelligence {unknown}
 n - an uncursed ring of wizardry {unknown}
Scrolls
 j - a scroll of magic mapping
 k - a scroll of fog {unknown}
 l - a scroll of immolation {unknown}
 q - 2 scrolls of identify {unknown}
 r - a scroll of blinking {unknown}
 u - 2 scrolls of remove curse {unknown}
Potions
 d - 3 potions of might
 h - a potion of agility {unknown}
 m - a potion of cancellation {unknown}
 o - 3 potions of haste {unknown}
 p - 2 potions of cure mutation {unknown}
 s - a potion of curing {unknown}
 t - a potion of flight {unknown}
Comestibles
 f - a bread ration
 g - 2 meat rations


   Skills:
 - Level 3.2 Fighting
 + Level 5.2 Axes
 - Level 3.2 Armour
 - Level 3.7 Shields


You had 4 spell levels left.
You didn't know any spells.

Dungeon Overview and Level Annotations

Branches:
Dungeon (3/15)

Altars:
Fedhas
Gozag
Vehumet


Innate Abilities, Weirdness & Mutations

You are under a permanent stasis effect.
You can dig through walls and to a lower floor.
Your four strong arms can wield two-handed weapons with a shield.
You have a pair of large antennae on your head. (SInv)


Message History

The sky beast is severely wounded.
The sky beast hits you but does no damage.
You hit the sky beast.
The sky beast is almost dead.
The sky beast hits you. The sky beast shocks you. The sky beast hits you.
The sky beast shocks you.
You closely miss the sky beast.
The sky beast is almost dead.
You block the sky beast's attack.
You closely miss the sky beast.
The sky beast is almost dead.
The sky beast hits you but does no damage.
You closely miss the sky beast.
The sky beast is almost dead.
The sky beast hits you. The sky beast shocks you.
* * * LOW HITPOINT WARNING * * *
The sky beast hits you.
* * * LOW HITPOINT WARNING * * *
The sky beast shocks you.
You die...

.## #............#..#..#........
.# #.......###.....##..........
#### ##........#.##..####...##...
...###.......#...#...###..#..#.#.
##...#.......#...........###.#.#.
###.#.......###....###...##.....
####........####...............#.
....................)..##.###....
.###.......####Y@.....###.# #.##.
####.......# #....##...##.###.##.
...#.......# #...###.....?.##....
##.........###...# #..##.#.##....
.<...............# #..##.#.##.##.
....#######..#..## ##.##.#.......
.#### ###.##..# #.........##.
.########...#...# #.##.......#.
.......##.###.#.# ##.###........


You could see a sky beast (invisible).

Vanquished Creatures
  A worker ant (D:3)
  A hound skeleton (D:3)
  A worker ant zombie (D:3)
  2 adders
  An adder zombie (D:3)
  3 adder skeletons (D:3)
  2 worms
  A dart slug (D:2)
  5 orcs (D:3)
  2 giant cockroaches (D:2)
  3 goblins
  7 hobgoblins
  3 jackals (D:3)
  7 kobolds
  A quokka (D:2)
  5 bats
  3 frilled lizards
  A giant cockroach zombie (D:3)
  A quokka skeleton (D:3)
  6 rats
56 creatures vanquished.

Notes
Turn   | Place    | Note
-------+----------+-------------------------------------------
     0 | D:1      | evildog the Formicid Fighter began the quest for the Orb.
     0 | D:1      | Reached XP level 1. HP: 18/18 MP: 1/1
   213 | D:1      | Reached XP level 2. HP: 24/24 MP: 2/2
   386 | D:1      | Reached skill level 3 in Axes
   828 | D:2      | Reached XP level 3. HP: 29/29 MP: 3/3
  1322 | D:2      | Found a blossoming altar of Fedhas.
  1701 | D:3      | Found a radiant altar of Vehumet.
  1713 | D:3      | Reached XP level 4. HP: 28/35 MP: 4/4
  1739 | D:3      | Reached skill level 4 in Axes
  2141 | D:3      | Reached XP level 5. HP: 28/41 MP: 5/5
  2152 | D:3      | Reached skill level 5 in Axes
  2283 | D:3      | Found an opulent altar of Gozag.
  2617 | D:3      | Noticed a sky beast
  2633 | D:3      | Slain by a sky beast

Skill      XL: |  1  2  3  4  5 |
---------------+----------------+-----
Axes           | 3 4 5 |  5.2
Fighting       | |  3.2
Armour         | |  3.2
Shields        | |  3.7

Action                   |  1- 3 |  4- 6 || total
-------------------------+-------+-------++-------
Melee: War axe           |    92 |    82 ||   174
  Use: Scroll            |     1 |     1 ||     2
  Eat: Chunk             |     1 |     4 ||     5
Armor: Scale mail        |    48 |    44 ||    92
Dodge: Dodged            |    26 |    30 ||    56
Block: Shield            |    48 |    51 ||    99
